 Dungeon Crawl Stone Soup version 0.19-a0-733-geeb8733 (webtiles) character file.

145 MrRokkomies the Vexing (level 5, -10/35 HPs)
             Began as a Vampire Enchanter on June 22, 2016.
             Mangled by an orc
             ... wielding a +2 dagger of electrocution
              (13 damage)
             ... on level 3 of the Dungeon.
             The game lasted 00:05:17 (2003 turns).

MrRokkomies the Vexing (Vampire Enchanter)          Turns: 2003, Time: 00:05:18

Health: -10/35     AC:  5    Str:  8    XL:     5   Next: 6%
Magic:  2/8        EV: 12    Int: 18    God:
Gold:   64         SH:  0    Dex: 14    Spells: 3 memorised, 2 levels left

rFire  + . .     SeeInvis +     a - +2 dagger (freeze)
rCold  + . .     Gourm    .     b - +1 robe
rNeg   + + .     Faith    .     (no shield)
rPois  +         Spirit   .     (no helmet)
rElec  .         Dismiss  .     i - +1 cloak
rCorr  .         Reflect  .     (no gloves)
SustAt .         Harm     .     (no boots)
MR     .....                    (no amulet)
Stlth  +++.......               (no ring)
                                n - ring of protection from fire

@: very slightly contaminated, regenerating slowly, not resistant to hostile
enchantments, fairly stealthy
A: fangs 3, see invisible, unbreathing
a: Bat Form


You were on level 3 of the Dungeon.
You were very thirsty.

You visited 1 branch of the dungeon, and saw 3 of its levels.

You collected 64 gold pieces.

Inventory:

Hand Weapons
 a - a +2 dagger of freezing (weapon)
Armour
 b - a +1 robe (worn)
 i - a +1 cloak (worn)
Jewellery
 n - a ring of protection from fire (left hand)
Wands
 m - a wand of digging (22/24)
Scrolls
 g - 3 scrolls of enchant armour
 j - a scroll of teleportation
Potions
 d - a potion of blood
 e - a potion of ambrosia {unknown}
 f - a potion of heal wounds
 h - a potion of degeneration {unknown}
Books
 c - a book of Maledictions

   Spells                             Type                      Level
   a - Corona                         Hexes                        1
   b - Ensorcelled Hibernation        Hexes/Ice                    2
   c - Confuse                        Hexes                        3
   d - Tukima's Dance                 Hexes                        3
   e - Dazzling Spray                 Conjuration/Hexes            3


   Skills:
 * Level 4.1 Short Blades
 - Level 2.1 Dodging
 - Level 4.4 Stealth
 - Level 2.0 Spellcasting
 * Level 6.4 Hexes


You had 2 spell levels left.
You knew the following spells:

 Your Spells              Type           Power        Failure   Level  Hunger
a - Corona                Hex            ###....      1%          1    #......
b - Ensorcelled Hibernat  Hex/Ice        ##....       10%         2    ###....
c - Confuse               Hex            ###.....     4%          3    ###....


Dungeon Overview and Level Annotations

Branches:
Dungeon (3/15)

Altars:


Innate Abilities, Weirdness & Mutations

You heal slowly.
You have razor-sharp teeth.
You have supernaturally acute eyesight. (SInv)
You can survive without breathing.


Message History

You barely miss the orc.
The orc is heavily wounded.
The orc barely misses you.
You hit the orc but do no damage. You bite the orc.
You draw the orc's blood!
You feel better.
You are feeling very thirsty.
You kill the orc!
The orc closely misses you.
The orc hits you with a dagger of electrocution.
Things that are here:
a dagger; a scale mail You closely miss the orc.
You bite the orc, but do no damage.
The orc hits you with a dagger of electrocution.
You are electrocuted!
* * * LOW HITPOINT WARNING * * *
You barely miss the orc.
The orc hits you with a dagger of electrocution.
* * * LOW HITPOINT WARNING * * *
You are electrocuted!
You die...

#.#.# ###
#.#.# ...#.#.#
#.#.#.# # #
.....#.#
####.###...#.#
.o......<....#
###......$.##
#..####)@(.# #
+.o..# #....#
...#.# #.###.#
#. .# #. .# #.
#.


You could see an orc.

Vanquished Creatures
  An orc wizard (D:3)
  Terence (D:2)
  3 adders (D:2)
  3 worms (D:2)
  3 giant geckos
  2 orcs (D:3)
  4 bats
  3 giant cockroaches
  4 goblins
  8 hobgoblins
  5 jackals
  4 giant newts
  6 kobolds
  6 rats
53 creatures vanquished.

Notes
Turn   | Place    | Note
--------------------------------------------------------------
     0 | D:1      | MrRokkomies the Vampire Enchanter began the quest for the Orb.
     0 | D:1      | Reached XP level 1. HP: 13/13 MP: 3/3
   148 | D:1      | Reached XP level 2. HP: 19/19 MP: 5/5
   411 | D:1      | Reached skill level 5 in Hexes
   535 | D:1      | Learned a level 2 spell: Ensorcelled Hibernation
   854 | D:2      | Reached XP level 3. HP: 24/24 MP: 6/6
  1201 | D:2      | Reached XP level 4. HP: 30/30 MP: 7/7
  1218 | D:2      | Learned a level 3 spell: Confuse
  1438 | D:2      | Noticed Terence
  1442 | D:2      | Killed Terence
  1442 | D:2      | Reached skill level 6 in Hexes
  1992 | D:3      | Reached XP level 5. HP: 35/35 MP: 3/8
  2003 | D:3      | Mangled by an orc

Vault maps used:
D:1:      lemuel_arrival_room, dk_noncrumbling_3, minmay_circled_x
D:2:      kennysheep_generic_room_7, uniq_terence
D:3:      grunt_temple_overflow_cloverleaf, first_bread

Skill      XL: |  1  2  3  4 |
---------------+-------------+-----
Short Blades   | 2 3 4 |  4.1
Hexes          | 5 6 |  6.4
Dodging        | |  2.1
Stealth        | |  4.4
Spellcasting   | |  2.0

Action                   |  1- 3 |  4- 6 || total
-------------------------+-------+-------++-------
Melee: Dagger            |   126 |    64 ||   190
       Bite              |    12 |     5 ||    17
 Cast: Ensorcelled Hiber |     6 |     2 ||     8
  Use: Scroll            |     2 |     3 ||     5
       Potion            |     1 |       ||     1
 Stab: Sleeping          |    12 |     8 ||    20
Armor: Robe              |    25 |    16 ||    41
Dodge: Dodged            |    83 |    29 ||   112
